 Dungeon Crawl Stone Soup version 0.17.0-24-gcfadda4 (console) character file.

22883 gw the Martial Artist (level 12, -19/115 HPs)
             Began as a Deep Dwarf Monk on Nov 16, 2015.
             Was a High Priest of Yredelemnul.
             Demolished by Rupert
             ... wielding a +3 great mace of protection
              (24 damage)
             ... on level 3 of the Lair of Beasts.
             The game lasted 00:13:28 (11615 turns).

gw the Martial Artist (Deep Dwarf Monk)            Turns: 11615, Time: 00:13:28

Health: -19/115    AC: 23    Str: 16    XL:     12   Next: 66%
Magic:  0/0        EV:  9    Int: 13    God:    Yredelemnul [*****.]
Gold:   1047       SH:  0    Dex: 22    Spells: 0 memorised, 11 levels left

rFire  . . .     SeeInvis .       - Unarmed
rCold  . . .     Clarity  +     l - +8 chain mail of Immorality {Int+2 Slay+2}
rNeg   . . .     SustAt   .     (no shield)
rPois  +         Gourm    .     (no helmet)
rElec  .         Spirit   .     (no cloak)
rCorr  .         Warding  .     p - +2 pair of gloves
rMut   .         Stasis   .     (no boots)
MR     +....                    k - amulet of clarity
Stlth  ..........               r - ring of poison resistance
                                a - +3 ring of dexterity

@: non-regenerating, somewhat resistant to hostile enchantments, extremely
unstealthy
A: damage resistance, recharge devices, sense surroundings 2, slow regeneration
3
a: Device Recharging, Recall Undead Slaves, Injury Mirror, Animate Dead, Drain
Life, Enslave Soul, Renounce Religion


You were on level 3 of the Lair of Beasts.
You worshipped Yredelemnul.
Yredelemnul was extremely pleased with you.
You were not hungry.

You visited 3 branches of the dungeon, and saw 15 of its levels.

You collected 1047 gold pieces.

Inventory:

Missiles
 C - 24 bolts
Armour
 l - the +8 chain mail of Immorality (worn) {Int+2 Slay+2}
   (You found it on level 10 of the Dungeon)

   It affects your intelligence (+2).
   It affects your accuracy and damage with ranged weapons and melee attacks
   (+2).
 p - a +2 pair of gloves (worn)
Jewellery
 a - a +3 ring of dexterity (left hand)
 k - an amulet of clarity (around neck)
 r - a ring of poison resistance (right hand)
Wands
 b - a wand of heal wounds (0)
 t - a wand of fireball (6)
 u - a wand of teleportation (2)
 y - a wand of disintegration (10)
 z - a wand of random effects (10)
 B - a wand of paralysis (3)
Scrolls
 e - 8 scrolls of remove curse
 g - 13 scrolls of identify
 n - 3 scrolls of enchant weapon
 q - 3 scrolls of teleportation
 v - 2 scrolls of enchant armour
 w - 2 scrolls of blinking
 x - a scroll of amnesia {unknown}
Potions
 d - 8 potions of curing
 m - 2 potions of might
 s - 2 potions of berserk rage
Comestibles
 c - 8 bread rations
 f - 3 slices of pizza
 h - 11 beef jerkies
 i - 10 meat rations
 j - 11 royal jellies
 o - 16 fruits
 A - 2 chunks of flesh


   Skills:
 + Level 9.6 Fighting
 + Level 10.6 Armour
 - Level 3.2 Dodging
 - Level 2.4 Stealth
 * Level 13.2 Unarmed Combat
 + Level 10.4 Invocations
 - Level 2.1 Evocations


You had 11 spell levels left.
You didn't know any spells.

Dungeon Overview and Level Annotations

Branches:
Dungeon (11/15)            Temple (1/1) D:7            Lair (3/8) D:10
 Spider (0/4) Lair:3          Orc (0/4) D:10
  Swamp: Lair:3-6    Shoals: Lair:3-6

Altars:
Ashenzari
Cheibriados
Elyvilon
Fedhas
Gozag
Kikubaaqudgha
Makhleb
Nemelex Xobeh
Okawaru
Qazlal
Sif Muna
Trog
Vehumet
Xom
Yredelemnul
Zin
The Shining One
Beogh

Annotations:
Lair:3 Rupert


Innate Abilities, Weirdness & Mutations

You are resistant to damage.
You can recharge devices by infusing magical energy.
You passively map the area around you.
You do not regenerate naturally.


Message History

You hit Rupert but do no damage.
Rupert is moderately wounded.
Rupert closely misses you.
ATTACK MOVE TO (1,1)
Your chain mail of Immorality prevents you from hitting Rupert.
Rupert is moderately wounded.
Rupert hits you with a great mace of protection!!!
ATTACK MOVE TO (1,1)
You hit Rupert.
Rupert is moderately wounded.
Rupert closely misses you.
ATTACK MOVE TO (1,1)
Your chain mail of Immorality prevents you from hitting Rupert.
Rupert is moderately wounded.
ATTACK MOVE TO (1,1)
You punch Rupert!
Rupert is moderately wounded.
Rupert hits you with a great mace of protection!!
You die...
Your body rises from the dead as a mindless zombie.

###...##..#..##
##.###P.#%##### #.#
#.....##.####
#.####..........##
##..#*#.#..P#......
#.z###..#..........
##zz#,#P.....P#..##P
#z#z# ...........###
###g#..P......P#.#.#
#.@#.............#
#............P...#
##.#.............#
#..P....#....#.. *
..##..##.......
(......#....#.#
..............#
.............


You could see Rupert (berserk) and 4 friendly flying skulls.

Table legend:
 A = Turns spent in this place as a percentage of turns spent in the entire game.
 B = Non-inter-level travel turns spent in this place as a percentage of non-inter-level travel turns spent in the entire game.
 C = Inter-level travel turns spent in this place as a percentage of turns spent in this place.
 D = Turns resting spent in this place as a percentage of non-inter-level travel turns spent in this place.
 E = Turns spent auto-exploring this place as a percentage of non-inter-level travel turns spent in this place.
 F = Non-inter-level travel turns spent in this place divided by the number of levels of this place that you've seen.
                   A       B       C       D       E      F
               +-------+-------+-------+-------+-------+----------------------
         Total | 100.0 | 100.0 |   0.6 |   0.0 |   2.0 | 1708.9
       Dungeon |  78.2 |  78.3 |   0.5 |   0.0 |   2.0 | 1824.8
        Temple |   0.6 |   0.6 |   0.6 |   0.0 |   5.2 | 153.0
          Lair |  21.2 |  21.1 |   0.9 |   0.0 |   2.0 | 1802.7
               +-------+-------+-------+-------+-------+----------------------

Table legend:
 A = Kills in this place as a percentage of kills in entire the game.
 B = Kills by you in this place as a percentage of kills by you in the entire game.
 C = Kills by friends in this place as a percentage of kills by friends in the entire game.
 D = Other kills in this place as a percentage of other kills in the entire game.
 E = Experience gained in this place as a percentage of experience gained in the entire game.
 F = Experience gained in this place divided by the number of levels of this place that you have seen.
                   A       B       C       D       E      F
               +-------+-------+-------+-------+-------+----------------------
         Total | 100.0 | 100.0 | 100.0 |  -nan | 100.0 | 2179.4
       Dungeon |  78.6 |  83.6 |  45.6 |  -nan |  63.1 | 1876.3
          Lair |  21.4 |  16.4 |  54.4 |  -nan |  36.9 | 4017.3
               +-------+-------+-------+-------+-------+----------------------

Vanquished Creatures
  An unseen horror (D:10)
  A deep elf knight (D:8)
  4 hill giants
  3 ugly things
  A griffon (D:8)
  4 spiny frogs
  3 komodo dragons
  A troll (D:11)
  A fire drake (Lair:1)
  2 two-headed ogres
  9 blink frogs
  A shadow (D:10)
  A trapdoor spider (D:11)
  6 yaks
  2 steam dragons
  9 hippogriffs
  A basilisk (Lair:2)
  2 wolves (Lair:1)
  A hungry ghost (D:9)
  Edmund (D:6)
  3 porcupines
  A black bear (D:10)
  2 eyes of draining
  11 orc warriors
  A sky beast (D:10)
  6 ogres
  A wasp (D:11)
  2 centaurs (D:9)
  A phantom (D:5)
  A necrophage (D:7)
  6 crocodiles
  2 ice beasts
  15 giant frogs
  Blork the orc (D:4)
  A big kobold (D:8)
  A wyvern zombie (D:10)
  A wyvern skeleton (D:8)
  24 killer bees
  A water moccasin skeleton (D:4)
  7 scorpions
  8 wights
  2 crimson imps
  2 hounds
  A centaur zombie (D:8)
  10 orc priests
  A jelly (D:11)
  2 giant frog skeletons
  5 iguanas
  12 orc wizards
  6 worker ants
  A sheep (Lair:3)
  A hound zombie (D:8)
  3 hound skeletons
  2 worker ant zombies
  3 gnolls (D:9)
  13 adders
  5 shadow imps
  7 river rats (Lair:2)
  4 worms
  An adder skeleton (D:9)
  6 giant geckos
  78 orcs
  5 bats
  9 giant cockroaches
  6 hobgoblins
  9 jackals
  9 kobolds
  3 quokkas
  2 ball pythons
  3 giant newts
  5 goblins
  A quokka zombie (D:8)
  5 rats
  A spectral orc (D:8)
373 creatures vanquished.

Vanquished Creatures (collateral kills)
  An orb spider (Lair:3)
  A komodo dragon (Lair:2)
  A centaur (D:9)
  A queen bee (D:11)
  2 two-headed ogres
  A trapdoor spider zombie (D:11)
  A deep elf mage (D:8)
  2 hippogriffs
  13 yaks
  2 basilisks
  A wolf (Lair:1)
  A water moccasin (Lair:1)
  A porcupine (Lair:3)
  2 crocodiles
  A big kobold (D:9)
  2 scorpions
  A killer bee (D:11)
  2 wights (D:10)
  A crimson imp (D:8)
  2 iguanas (Lair:2)
  5 sheep (Lair:3)
  3 river rats (Lair:2)
  A gnoll (D:9)
  6 orcs
  2 kobolds (D:9)
  A quokka zombie (D:9)
  A butterfly (Lair:2)
  3 fungi
61 creatures vanquished.

Vanquished Creatures (others)
  An ugly thing zombie (D:10)
  3 flying skulls
  A wraith (Lair:3)
  A vampire (Lair:2)
  A hill giant zombie (D:11)
  A blink frog skeleton (Lair:2)
  2 giant frog zombies
  A black bear zombie (D:10)
  A human skeleton (D:9)
  2 killer bee zombies (D:10)
  A porcupine skeleton (Lair:2)
  An ogre zombie (D:9)
  2 adder zombies (D:11)
  An iguana zombie (Lair:2)
  A jackal zombie (D:9)
  2 orc skeletons (D:9)
  22 orc zombies
  A plant (Lair:3)
45 creatures vanquished.

Grand Total: 479 creatures vanquished

Notes
Turn   | Place    | Note
--------------------------------------------------------------
     0 | D:1      | gw the Deep Dwarf Monk began the quest for the Orb.
     0 | D:1      | Reached XP level 1. HP: 20/20 MP: 1/1
   339 | D:1      | Reached XP level 2. HP: 27/27 MP: 2/2
   488 | D:1      | Reached skill level 1 in Armour
   733 | D:1      | Reached skill level 4 in Unarmed Combat
   744 | D:1      | Reached skill level 1 in Evocations
   906 | D:2      | Reached XP level 3. HP: 33/33 MP: 4/4
  1355 | D:2      | Found a snail-covered altar of Cheibriados.
  1373 | D:2      | Reached XP level 4. HP: 40/42 MP: 5/5
  1541 | D:3      | Noticed an ogre
  1577 | D:3      | Killed an ogre
  1577 | D:3      | Reached XP level 5. HP: 24/49 MP: 5/5
  1655 | D:3      | Reached skill level 5 in Unarmed Combat
  2156 | D:4      | Reached XP level 6. HP: 44/57 MP: 4/4
  2361 | D:4      | Noticed Blork the orc
  2399 | D:4      | Killed Blork the orc
  2519 | D:4      | Found a stormy altar of Qazlal.
  2621 | D:4      | Reached skill level 6 in Unarmed Combat
  2675 | D:5      | Entered Level 5 of the Dungeon
  2704 | D:5      | Noticed a steam dragon
  2706 | D:5      | Noticed a steam dragon
  2729 | D:5      | Killed a steam dragon
  2729 | D:5      | Reached XP level 7. HP: 53/66 MP: 5/5
  2763 | D:5      | Found a bloodstained altar of Trog.
  3032 | D:5      | Reached skill level 7 in Unarmed Combat
  3239 | D:5      | Found a burning altar of Makhleb.
  3291 | D:6      | Reached XP level 8. HP: 38/73 MP: 6/6
  3381 | D:6      | Reached skill level 5 in Fighting
  3407 | D:6      | Found a blossoming altar of Fedhas.
  3407 | D:6      | Noticed Edmund
  3427 | D:6      | Killed Edmund
  3517 | D:6      | Found a glowing silver altar of Zin.
  3598 | D:6      | Reached skill level 5 in Armour
  3918 | D:6      | Reached skill level 8 in Unarmed Combat
  4070 | D:6      | Found an ancient bone altar of Kikubaaqudgha.
  4481 | D:7      | Killed a steam dragon
  4512 | D:7      | Gained mutation: You passively map the area around you. [Deep Dwarf growth]
  4512 | D:7      | Reached XP level 9. HP: 46/82 MP: 6/6
  4558 | D:7      | Found a staircase to the Ecumenical Temple.
  4571 | Temple   | Entered the Ecumenical Temple
  4950 | D:8      | Found a basalt altar of Yredelemnul.
  4963 | D:8      | Became a worshipper of Yredelemnul the Dark
  4963 | D:8      | Reached * piety under Yredelemnul
  4963 | D:8      | Reached ** piety under Yredelemnul
  5093 | D:8      | Reached skill level 9 in Unarmed Combat
  5093 | D:8      | Reached skill level 1 in Invocations
  5111 | D:8      | Noticed a deep elf knight
  5152 | D:8      | Killed a deep elf knight
  5263 | D:8      | Noticed a griffon
  5283 | D:8      | Killed a griffon
  5311 | D:8      | Reached XP level 10. HP: 59/92 MP: 3/5
  5367 | D:8      | Reached skill level 10 in Unarmed Combat
  6377 | D:9      | Reached *** piety under Yredelemnul
  6408 | D:9      | Reached skill level 5 in Invocations
  6730 | D:9      | Received a gift from Yredelemnul
  7124 | D:10     | Entered Level 10 of the Dungeon
  7171 | D:10     | Noticed a purple ugly thing
  7188 | D:10     | Killed a purple ugly thing
  7229 | D:10     | Noticed a hill giant
  7260 | D:10     | Killed a hill giant
  7260 | D:10     | Reached skill level 11 in Unarmed Combat
  7291 | D:10     | Found a staircase to the Lair.
  7428 | D:10     | Killed an unseen horror
  7428 | D:10     | Reached XP level 11. HP: 67/103 MP: 1/3
  7586 | D:10     | Got a pitted chain mail
  7597 | D:10     | Identified the +8 chain mail of Immorality {Int+2 Slay+2} (You found it on level 10 of the Dungeon)
  7835 | D:10     | Reached **** piety under Yredelemnul
  7847 | D:10     | Found a staircase to the Orcish Mines.
  7867 | D:10     | Received a gift from Yredelemnul
  8095 | D:10     | Found a deep blue altar of Sif Muna.
  8392 | D:11     | Noticed a hill giant
  8411 | D:11     | Killed a hill giant
  8456 | D:11     | Noticed a hill giant
  8475 | D:11     | Killed a hill giant
  8595 | D:11     | Reached skill level 12 in Unarmed Combat
  8616 | D:11     | Noticed a hill giant
  8630 | D:11     | Killed a hill giant
  8696 | D:11     | Reached ***** piety under Yredelemnul
  8717 | D:11     | Found a roughly hewn altar of Beogh.
  8747 | D:11     | Received a gift from Yredelemnul
  8852 | D:11     | Found a deep blue altar of Sif Muna.
  9151 | Lair:1   | Entered Level 1 of the Lair of Beasts
  9253 | Lair:1   | Received a gift from Yredelemnul
  9312 | Lair:1   | Reached XP level 12. HP: 85/112 MP: 2/2
  9503 | Lair:1   | Received a gift from Yredelemnul
 10258 | Lair:2   | Received a gift from Yredelemnul
 10318 | Lair:2   | Reached skill level 10 in Armour
 11178 | Lair:3   | Reached skill level 13 in Unarmed Combat
 11208 | Lair:3   | Reached skill level 10 in Invocations
 11386 | Lair:3   | Found a hole to the Spider Nest.
 11402 | Lair:3   | Received a gift from Yredelemnul
 11599 | Lair:3   | Noticed Rupert
 11612 | Lair:3   | HP: 5/115 [Rupert/great mace of protection (38)]
 11615 | Lair:3   | Demolished by Rupert

Action                   |  1- 3 |  4- 6 |  7- 9 | 10-12 || total
-------------------------+-------+-------+-------+-------++-------
Melee: Unarmed           |   150 |   237 |   421 |  1072 ||  1880
Invok: Animate Remains   |       |       |     8 |     8 ||    16
       Animate Dead      |       |       |       |    34 ||    34
 Abil: Device Recharging |       |     3 |     5 |    11 ||    19
Evoke: Wand              |     2 |    20 |    24 |    60 ||   106
  Use: Scroll            |     3 |     8 |     4 |     4 ||    19
       Potion            |     2 |     4 |     2 |    10 ||    18
 Stab: Sleeping          |     1 |     1 |     1 |       ||     3
       Distracted        |       |       |       |     7 ||     7
  Eat: Chunk             |     2 |     5 |     5 |    23 ||    35
       Bread ration      |       |       |     1 |     1 ||     2

Vault maps used:
D:1:      saegor_arrival_simple_b
D:2:      cheibriados_altar_wand_db
D:3:      first_bread
D:4:      kennysheep_mini, nicolae_overflow_hidden_temple, uniq_blork_the_orc
D:5:      kennysheep_steamy, lemuel_coloured_pillars_altar, bloody_trog
D:6:      kennysheep_mini_moat, fedhas_altar_2, marbit_many_paths, st_stairs_8,
          uniq_edmund
D:7:      minmay_temple_entry_overgrown
D:8:      hangedman_cross_veins, yredelemnul_forgotten_temple_becter
D:9:      special_room, grunt_ogre_cave
D:10:     lair_0_dummy, hiddenorc2_lemuel, tgw_sif
D:11:     special_room, basic_altar, minivault_7
Temple:   triangle_lava_temple_11
Lair:2:   dpeg_oklob_gauntlet, grunt_forest_stairs_basic, lemuel_fruit_fields,
          lemuel_fruit_tree
Lair:3:   nicolae_spider_entry_non_spiders, st_stairs_5, uniq_rupert
